 Dungeon Crawl Stone Soup version 0.30-a0-879-ga8ba668304 (webtiles) character file.

Game seed: 9350169492597690231

931 jasper the Ruffian (level 7, 0/56 HPs)
             Began as a Demonspawn Gladiator on Mar 13, 2023.
             Was a High Priest of Ignis.
             Succumbed to a water moccasin's poison
             ... on level 6 of the Dungeon.
             The game lasted 00:07:19 (4108 turns).

jasper the Ruffian (Demonspawn Gladiator)           Turns: 4108, Time: 00:07:19

Health: 0/56       AC:  9    Str: 17    XL:     7   Next: 86%
Magic:  7/7        EV: 26    Int:  9    God:    Ignis [*****.]
Gold:   317        SH:  4    Dex: 14    Spells: 6/6 levels left

rFire   + + .      SeeInvis .      - Unarmed
rCold   . . .      Faith    .    (no shield)
rNeg    . . .      Spirit   .    e - +0 ring mail
rPois   .          Reflect  .    b - +1 helmet
rElec   .          Rampage  .    (no cloak)
rCorr   .                        (no gloves)
Will    .....                    (no boots)
Stlth   +                        f - amulet of the acrobat
HPRegen 0.29/turn                c - ring of protection from fire
MPRegen 0.10/turn                (no ring)

@: lethally poisoned (0 -> -28), acrobatic, studying Dodging
A: icy blue scales 1, powered by pain 1, condensation shield, demonic touch 2
a: Renounce Religion, Fiery Armour, Foxfire Swarm, Rising Flame


You were on level 6 of the Dungeon.
You worshipped Ignis.
Ignis was extremely pleased with you.
You visited 1 branch of the dungeon, and saw 6 of its levels.

You collected 317 gold pieces.

Inventory:

Hand Weapons
 n - a +2 sling of flaming
Missiles
 d - a javelin
 i - 18 stones (quivered)
Armour
 a - a +0 leather armour
 b - a +1 helmet (worn)
 e - a +0 ring mail (worn)
 s - an orb of energy
Jewellery
 c - a ring of protection from fire (left hand)
 f - an amulet of the acrobat (around neck)
Wands
 q - a wand of paralysis (6)
 x - a wand of digging (7)
Scrolls
 g - a scroll of enchant weapon
 h - a scroll of teleportation
 t - a scroll of enchant armour
Potions
 j - a potion of invisibility
 k - 2 potions of might
 l - 2 potions of lignification
 m - 3 potions of curing
 p - 2 potions of mutation
 u - 2 potions of degeneration {unknown}
 v - a potion of brilliance {unknown}
 z - a potion of haste


   Skills:
 - Level 5.0 Fighting
 - Level 1.7 Throwing
 - Level 2.6 Dodging
 - Level 6.3 Unarmed Combat
 + Level 4.3 Evocations


You had 6 spell levels left.
You didn't know any spells.
Your spell library contained the following spells:

 Spells                   Type           Power      Damage    Failure   Level
 Dazzling Flash           Conj/Hex       0%         N/A       92%         3
 Agony                    Necr           0%         N/A       100%        5
 Silence                  Hex/Air        0%         N/A       100%        5


Dungeon Overview and Level Annotations

Branches:
Dungeon (6/15)             Temple (0/1) D:5

Altars:
Kikubaaqudgha
Makhleb
Qazlal
Vehumet
Yredelemnul
Ignis

Annotations:
D:4 Edmund


Innate Abilities, Weirdness & Mutations

You are partially covered in icy blue scales. (AC +2)
You sometimes gain a little power by taking damage.
A meltable shield of frost defends you. (SH +4)
Your touch may inflict irresistible damage on your foes.


Message History

You closely miss the adder.
The adder is severely wounded.
The water moccasin bites you but does no damage.
The white imp gestures at you. The puff of frost hits you.
The adder bites you but does no damage.
You take 2 damage, and have 47/56 hp.
You barely miss the adder.
The adder is severely wounded.
The water moccasin bites you.
You are poisoned.
The water moccasin poisons you! The adder closely misses you.
The white imp gestures at you. The puff of frost hits you!
You take 14 damage, and have 33/56 hp.
MASSIVE DAMAGE!!
You barely miss the adder. Your touch misses the adder.
The adder is severely wounded.
You feel very sick.
The water moccasin bites you but does no damage.
The adder misses you.
A jelly comes into view.
The water moccasin barely misses you.
You take 3 damage, and have 30/56 hp.
The jelly quivers.
You punch the adder!
You kill the adder!
You feel sick. The water moccasin bites you!
You are more poisoned.
The water moccasin poisons you! The white imp barely misses you.
You take 9 damage, and have 21/56 hp.
The white imp attacks as you move away!
The white imp hits you but does no damage.
The water moccasin attacks as you move away!
The water moccasin bites you!
* * * LOW HITPOINT WARNING * * *
You are more poisoned.
The water moccasin poisons you!
* * * LOW HITPOINT WARNING * * *
You feel extremely sick.
You take 16 damage, and have 5/56 hp.
MASSIVE DAMAGE!!
You die...

... .## .... ...
....# ..# .....#
..#
......###..##
............##
.............#
##..<...# ##
...#...@...#..#
........S.....#.
.......5........
................
................
#.....$.........
...$..........##
..J...........#
...............#


You could see a water moccasin, a jelly and a white imp.

Vanquished Creatures
  2 water moccasins (D:5)
  An ice beast (D:5)
  2 ogres (D:5)
  A scorpion (D:5)
  An orc priest (D:4)
  A hound (D:5)
  A jelly (D:5)
  2 iguanas (D:4)
  4 orc wizards
  9 adders
  A white imp (D:5)
  3 ufetubi
  2 worms
  2 dart slugs
  8 orcs
  3 bats
  2 endoplasms
  3 giant cockroaches
  7 goblins
  7 hobgoblins
  2 jackals
  4 kobolds
  A quokka (D:4)
  4 ball pythons
  A frilled lizard (D:1)
  2 rats
76 creatures vanquished.

Notes
Turn   | Place    | Note
-------+----------+-------------------------------------------
     0 | D:1      | jasper the Demonspawn Gladiator began the quest for the
                  | Orb.
     0 | D:1      | Reached XP level 1. HP: 16/16 MP: 1/1
   132 | D:1      | Reached skill level 3 in Unarmed Combat
   230 | D:1      | Gained mutation: Your touch may inflict minor irresistible
                  | damage on your foes. [demonic ancestry]
   230 | D:1      | Reached XP level 2. HP: 22/22 MP: 2/2
   919 | D:2      | Gained mutation: You are partially covered in icy blue
                  | scales. (AC +2) [demonic ancestry]
   919 | D:2      | Reached XP level 3. HP: 28/28 MP: 3/3
  1234 | D:3      | Found a faded altar of an unknown god.
  1291 | D:3      | Prayed at the altar of an unknown god.
  1291 | D:3      | Became a worshipper of Ignis, the Dying Flame
  1434 | D:3      | Reached skill level 4 in Unarmed Combat
  1493 | D:3      | Gained mutation: You sometimes gain a little power by
                  | taking damage. [demonic ancestry]
  1493 | D:3      | Reached XP level 4. HP: 34/34 MP: 4/4
  2333 | D:4      | Found a burning altar of Makhleb.
  2368 | D:4      | Reached XP level 5. HP: 23/41 MP: 5/5
  2595 | D:4      | Reached skill level 5 in Unarmed Combat
  2609 | D:4      | Found a radiant altar of Vehumet.
  2630 | D:4      | Noticed Edmund
  2653 | D:5      | Entered Level 5 of the Dungeon
  2695 | D:5      | Noticed a water moccasin
  2706 | D:5      | Killed a water moccasin
  2707 | D:5      | Gained mutation: Your touch may inflict irresistible damage
                  | on your foes. [demonic ancestry]
  2707 | D:5      | Reached XP level 6. HP: 48/48 MP: 6/6
  3083 | D:5      | Found a staircase to the Ecumenical Temple.
  3272 | D:5      | Reached skill level 6 in Unarmed Combat
  3371 | D:5      | Gained mutation: A meltable shield of frost defends you.
                  | (SH +4) [demonic ancestry]
  3371 | D:5      | Reached XP level 7. HP: 55/55 MP: 7/7
  3433 | D:5      | Reached skill level 1 in Evocations
  3521 | D:5      | Reached skill level 5 in Fighting
  3575 | D:5      | Found a basalt altar of Yredelemnul.
  3681 | D:5      | Found an ancient bone altar of Kikubaaqudgha.
  3682 | D:5      | Found a stormy altar of Qazlal.
  3885 | D:5      | Identified a scroll of acquirement
  3885 | D:5      | Acquired a manual of Dodging
  4108 | D:6      | Succumbed to a water moccasin's poison

Illustrated notes

Levels and vault maps discovered:
D:1:      spicycebolla_arrival_xxxplode, layout_rooms,
          minmay_misc_feat_four_crosses
D:2:      layout_basic
D:3:      layout_basic, hellmonk_ecumenical_altar_heavens_door, minivault_19
D:4:      layout_loops_ring, general_overflow_altar, old_standard_altar,
          uniq_edmund
D:5:      layout_gridville, minitemple, yredelemnul_altar_generic,
          minmay_temple_entry_butterflies, minmay_fountain_box, minivault_11,
          kennysheep_dice
D:6:      layout_cave_pools, okawaru_metal_pillars_1_2

Skill      XL: |  1  2  3  4  5  6  7 |
---------------+----------------------+-----
Unarmed Combat | 3 4 5 6 |  6.3
Fighting       | 3 4 5 |  5.0
Evocations     | 4 |  4.3
Throwing       | |  1.7
Dodging        | |  2.6

Action                     |  1- 3 |  4- 6 |  7- 9 || total
---------------------------+-------+-------+-------++-------
  Melee: Unarmed           |    92 |   106 |    48 ||   246
         Touch             |    12 |    15 |     7 ||    34
         Punch             |     1 |     4 |     2 ||     7
   Fire: Sling             |     3 |    45 |       ||    48
  Throw: Throwing net      |     3 |       |       ||     3
         Stone             |    10 |     2 |       ||    12
  Evoke: Wand              |       |     4 |     1 ||     5
    Use: Scroll            |       |    11 |     3 ||    14
         Potion            |       |     5 |       ||     5
   Stab: Paralysed         |       |     5 |     2 ||     7
         Invisible         |       |     1 |       ||     1
 Armour: Ring mail         |    32 |    65 |    19 ||   116
         Skin              |       |     9 |       ||     9
  Dodge: Dodged            |    57 |    72 |    26 ||   155
  Block: Other             |       |       |    11 ||    11

Table legend: (Time is in decaauts)
 A = Elapsed time spent in this place.
 B = Non-inter-level travel time spent in this place.
 C = Inter-level travel time spent in this place.
 D = Time resting spent in this place.
 E = Time spent auto-exploring this place.
 F = Levels seen in this place.
 G = Mean time per level.
                   A        B        C        D        E       F      G
               +--------+--------+--------+--------+--------+-----+--------+
         Total |   4088 |   3912 |    176 |    411 |   2651 |   6 |  681.3 |
       Dungeon |   4088 |   3912 |    176 |    411 |   2651 |   6 |  681.3 |
               +--------+--------+--------+--------+--------+-----+--------+

Top non-repeatable levels by time:
     D:5: 1415 daAuts
     D:3: 945 daAuts
     D:4: 728 daAuts
     D:1: 662 daAuts
     D:2: 315 daAuts
     D:6: 21 daAuts
